 Dungeon Crawl Stone Soup version 0.27.1-15-g792fb953b9 (webtiles) character file.

Game seed: 15936035489190185154

116 oldmanjim the Vexing (level 5, 0/40 HPs)
             Began as a Gnoll Arcane Marksman on Nov 19, 2021.
             Was an Initiate of Okawaru.
             Killed by divine providence
             ... invoked by an orc priest
              (14 damage)
             ... on level 3 of the Dungeon.
             The game lasted 00:23:41 (3336 turns).

oldmanjim the Vexing (Gnoll Arcane Marksman)        Turns: 3336, Time: 00:23:42

Health: 0/40       AC: 11    Str: 10    XL:     5   Next: 0%
Magic:  9/9        EV: 13    Int: 19    God:    Okawaru [......]
Gold:   58         SH:  0    Dex: 12    Spells: 7/10 levels left

rFire    . . .     SeeInvis .   a - +0 hand crossbow
rCold    . . .     Faith    .   (no shield)
rNeg     . . .     Spirit   .   m - +0 leather armour
rPois    .         Reflect  .   l - +2 helmet
rElec    .         Harm     .   (no cloak)
rCorr    .         Rampage  .   u - +0 pair of gloves
Will     .....                  (no boots)
Stlth    +.........             (no amulet)
HPRegen  0.13/turn              x - +4 ring of protection
MPRegen  0.11/turn              o - +6 ring of intelligence

@: no status effects
A: fangs 1, strong nose, distributed training
a: Renounce Religion


You were on level 3 of the Dungeon.
You worshipped Okawaru.
Okawaru was noncommittal.
You visited 2 branches of the dungeon, and saw 5 of its levels.

You collected 58 gold pieces.

Inventory:

Hand Weapons
 a - a +0 hand crossbow (weapon)
 b - a +0 dagger
 j - a +0 hunting sling
Missiles
 c - 79 bolts (quivered ammo)
 f - 10 sling bullets
 g - 3 boomerangs
 h - 18 stones
 s - 33 arrows
Armour
 l - a +2 helmet (worn)
 m - a +0 leather armour (worn)
 u - a +0 pair of gloves (worn)
Jewellery
 e - a ring of resist corrosion
 o - a +6 ring of intelligence (right hand)
 v - a +4 ring of evasion
 x - a +4 ring of protection (left hand)
Wands
 q - a wand of acid (7)
Scrolls
 i - 3 scrolls of identify {unknown}
 w - a scroll of enchant armour {unknown}
Potions
 k - a potion of degeneration {unknown}
 n - 2 potions of curing {unknown}
 p - 2 potions of might {unknown}
 r - a potion of berserk rage {unknown}
 t - 2 potions of mutation {unknown}


   Skills:
 + Level 2.8 Fighting
 + Level 1.3 Short Blades
 + Level 1.3 Long Blades
 + Level 1.3 Axes
 + Level 1.3 Maces & Flails
 + Level 1.3 Polearms
 + Level 1.3 Staves
 + Level 1.3 Slings
 + Level 1.3 Bows
 + Level 4.7 Crossbows
 + Level 1.3 Throwing
 + Level 1.3 Armour
 + Level 4.7 Dodging
 + Level 1.3 Stealth
 + Level 1.3 Shields
 + Level 1.3 Unarmed Combat
 + Level 3.1 Spellcasting
 + Level 1.0 Conjurations
 + Level 5.5 Hexes
 + Level 1.0 Summonings
 + Level 1.0 Necromancy
 + Level 1.0 Translocations
 + Level 1.0 Transmutations
 + Level 1.0 Fire Magic
 + Level 1.0 Ice Magic
 + Level 1.0 Air Magic
 + Level 1.0 Earth Magic
 + Level 1.0 Poison Magic
 + Level 1.4 Invocations
 + Level 1.3 Evocations


You had 7 spell levels left.
You knew the following spells:

 Your Spells              Type           Power      Damage    Failure   Level
a - Corona                Hex            25%        N/A       1%          1
b - Slow                  Hex            23%        N/A       3%          2

Your spell library contained the following spells:

 Spells                   Type           Power      Damage    Failure   Level
 Inner Flame              Hex/Fire       15%        N/A       16%         3
 Portal Projectile        Hex/Tloc       30%        N/A       16%         3
 Cause Fear               Hex            11%        N/A       21%         4
 Blade Hands              Tmut           3%         N/A       98%         5
 Irradiate                Conj/Tmut      3%         3d14      98%         5
 Dragon Form              Tmut           3%         N/A       100%        7


Dungeon Overview and Level Annotations

Branches:
Dungeon (4/15)             Temple (1/1) D:4

Altars:
Ashenzari
Cheibriados
Dithmenos
Elyvilon
Fedhas
Gozag
Hepliaklqana
Kikubaaqudgha
Makhleb
Nemelex Xobeh
Okawaru
Qazlal
Sif Muna
Trog
Vehumet
Wu Jian
Xom
Yredelemnul
Zin


Innate Abilities, Weirdness & Mutations

You have very sharp teeth.
Your uncanny sense of smell can sniff out nearby items.
Your experience applies equally to all skills.


Message History

a - a +0 hand crossbow (weapon)
The hound bites you but does no damage. The hound barely misses you.
The orc priest hits you with a +0 whip.
The orc priest casts a cantrip, but nothing happens.
The hound barely misses you.
The hound stops to sniff the ground.
You shoot a bolt. The bolt closely misses the hound.
The bolt hits the orc priest.
The orc priest is lightly wounded.
The hound barely misses you. The hound bites you but does no damage.
The hound barely misses you. The hound barely misses you.
The orc priest calls down the wrath of Beogh upon you.
Beogh smites you! The hound bites you but does no damage.
You are too injured to fight recklessly!
Fire: 82 bolts
Press: ? - help, Q - select action, (/) - cycle Shift-Dir - straight line, f/p - hound
Aim: a hound (54% to hit)
You shoot a bolt. The bolt hits the hound.
The hound is moderately wounded.
The hound bites you but does no damage. The hound closely misses you.
Fire: 81 bolts
Press: ? - help, Q - select action, (/) - cycle Shift-Dir - straight line, f/p - hound
Aim: a hound (moderately wounded, 54% to hit)
You shoot a bolt.
The bolt hits the hound but does no damage.
The hound is moderately wounded.
The hound closely misses you.
The hound pauses to sniff the ground.
The hound bites you but does no damage.
Fire: 80 bolts
Press: ? - help, Q - select action, (/) - cycle Shift-Dir - straight line, f/p - hound
Aim: a hound (moderately wounded, 54% to hit)
You shoot a bolt. The bolt hits the hound!
The hound is severely wounded.
The orc priest miscasts a cantrip.
The hound bites you.
The orc priest calls down the wrath of Beogh upon you.
Beogh smites you!
You die...

##### ##...##
##.....#
###########.......
#@ho......(>......
#.##..............
##.##.#####........
#########.....#
##.......
#.........[####
##......
#.#######.##
######...#. #.# #.#
#.......... #.# #.#
#.###.#.##. #.# #.#
#.# #.#.##.


You could see a hound and an orc priest.

Vanquished Creatures
  Jessica (D:2)
  3 adders
  2 worms
  2 dart slugs
  An orc (Temple)
  2 endoplasms
  2 giant cockroaches
  5 goblins
  2 hobgoblins
  6 jackals
  2 kobolds
  3 quokkas
  6 ball pythons
  3 bats (D:1)
  8 frilled lizards
  6 rats
54 creatures vanquished.

Notes
Turn   | Place    | Note
-------+----------+-------------------------------------------
     0 | D:1      | oldmanjim the Gnoll Arcane Marksman began the quest for the
                  | Orb.
     0 | D:1      | Reached XP level 1. HP: 17/17 MP: 4/4
   184 | D:1      | Found a faded altar of an unknown god.
   186 | D:1      | Reached XP level 2. HP: 23/23 MP: 5/5
  1136 | D:1      | Reached XP level 3. HP: 28/28 MP: 7/7
  1499 | D:1      | Found a faded altar of an unknown god.
  2062 | D:2      | Noticed Jessica
  2071 | D:2      | Killed Jessica
  2072 | D:2      | Reached skill level 1 in Short Blades
  2072 | D:2      | Reached skill level 1 in Long Blades
  2072 | D:2      | Reached skill level 1 in Axes
  2072 | D:2      | Reached skill level 1 in Maces & Flails
  2072 | D:2      | Reached skill level 1 in Polearms
  2072 | D:2      | Reached skill level 1 in Staves
  2072 | D:2      | Reached skill level 1 in Slings
  2072 | D:2      | Reached skill level 1 in Bows
  2072 | D:2      | Reached skill level 1 in Throwing
  2072 | D:2      | Reached skill level 1 in Armour
  2072 | D:2      | Reached skill level 1 in Stealth
  2072 | D:2      | Reached skill level 1 in Shields
  2072 | D:2      | Reached skill level 1 in Unarmed Combat
  2072 | D:2      | Reached skill level 1 in Invocations
  2072 | D:2      | Reached skill level 1 in Evocations
  2072 | D:2      | Reached XP level 4. HP: 15/34 MP: 6/8
  2557 | D:3      | Learned a level 2 spell: Slow
  2745 | D:3      | Found a burning altar of Makhleb.
  2785 | D:3      | Reached skill level 1 in Conjurations
  2785 | D:3      | Reached skill level 1 in Summonings
  2785 | D:3      | Reached skill level 1 in Necromancy
  2785 | D:3      | Reached skill level 1 in Translocations
  2785 | D:3      | Reached skill level 1 in Transmutations
  2785 | D:3      | Reached skill level 1 in Fire Magic
  2785 | D:3      | Reached skill level 1 in Ice Magic
  2785 | D:3      | Reached skill level 1 in Air Magic
  2785 | D:3      | Reached skill level 1 in Earth Magic
  2785 | D:3      | Reached skill level 1 in Poison Magic
  3275 | D:4      | Found a staircase to the Ecumenical Temple.
  3280 | Temple   | Entered the Ecumenical Temple
  3291 | Temple   | Became a worshipper of Warmaster Okawaru
  3313 | Temple   | Reached XP level 5. HP: 40/40 MP: 9/9
  3336 | D:3      | Killed from afar by an orc priest

Illustrated notes

Levels and vault maps discovered:
D:1:      dpeg_arrival_brainrot, layout_basic,
          hellmonk_ecumenical_altar_run_dry, chequers_serial_rivers_micro_e,
          hangedman_abyss_or_decor_stabs, minmay_misc_feat_chi
D:2:      layout_rooms, uniq_jessica
D:3:      layout_loops_ring, lemuel_round_altar, serial_bayou_pond_a
D:4:      layout_basic, nicolae_uskayaw_dance_hall,
          minmay_temple_entry_butterflies, serial_bayou, serial_bayou_shore_b,
          serial_bayou_crossing, serial_bayou_ford_a, serial_bayou_lake_a,
          serial_bayou_pond_c, serial_bayou_lagoon_a,
          corexii_item_surrounded_by_moat, st_stairs_10, minmay_unequal
Temple:   nicolae_temple_no_exploring_needed

Skill      XL: |  1  2  3  4 |
---------------+-------------+-----
Short Blades   | 1 |  1.3
Long Blades    | 1 |  1.3
Axes           | 1 |  1.3
Maces & Flails | 1 |  1.3
Polearms       | 1 |  1.3
Staves         | 1 |  1.3
Slings         | 1 |  1.3
Bows           | 1 |  1.3
Throwing       | 1 |  1.3
Armour         | 1 |  1.3
Stealth        | 1 |  1.3
Shields        | 1 |  1.3
Unarmed Combat | 1 |  1.3
Invocations    | 1 |  1.4
Evocations     | 1 |  1.3
Spellcasting   | 3 |  3.1
Conjurations   | 1 |  1.0
Summonings     | 1 |  1.0
Necromancy     | 1 |  1.0
Translocations | 1 |  1.0
Transmutations | 1 |  1.0
Fire Magic     | 1 |  1.0
Ice Magic      | 1 |  1.0
Air Magic      | 1 |  1.0
Earth Magic    | 1 |  1.0
Poison Magic   | 1 |  1.0
Fighting       | |  2.8
Crossbows      | |  4.7
Dodging        | |  4.7
Hexes          | |  5.5

Action                   |  1- 3 |  4- 6 || total
-------------------------+-------+-------++-------
Melee: Dagger            |    43 |    37 ||    80
       Bite              |     2 |     2 ||     4
 Fire: Hand crossbow     |     9 |     8 ||    17
       Hunting sling     |    15 |    42 ||    57
Throw: Boomerang         |    55 |     3 ||    58
 Cast: Corona            |     1 |     8 ||     9
 Stab: Sleeping          |     1 |     1 ||     2
Armor: Robe              |     9 |       ||     9
       Leather armour    |    15 |    31 ||    46
Dodge: Dodged            |    56 |    53 ||   109
